 Dungeon Sprint DCSS version 0.18-b1-18-g7758cf2 (webtiles) character file.

331 Kidiri the Covert (level 6, -3/32 HPs)
             Began as a Spriggan Enchanter on May 2, 2016.
             Was an Initiate of Dithmenos.
             Slain by a spatial vortex (17 damage)
             ... in the Dungeon (Sprint III: "The Ten Rune Challenge").
             The game lasted 00:08:08 (271 turns).

Kidiri the Covert (Spriggan Enchanter)               Turns: 271, Time: 00:08:09

Health: -3/32      AC:  3    Str:  2    XL:     6   Next: 26%
Magic:  2/17       EV: 24    Int: 17    God:    Dithmenos [......]
Gold:   16         SH:  0    Dex: 18    Spells: 5 memorised, 7 levels left

rFire  . . .     SeeInvis +     a - +1 dagger
rCold  . . .     Gourm    .     b - +1 robe
rNeg   . . .     Faith    .     (shield restricted)
rPois  .         Spirit   .     (helmet restricted)
rElec  .         Dismiss  .     (no cloak)
rCorr  .         Reflect  .     (gloves unavailable)
SustAt .         Harm     .     (boots unavailable)
MR     +....     NoTele   +     (no amulet)
Stlth  +++++.....               (no ring)
                                (no ring)

@: very slightly contaminated, very quick, somewhat resistant to hostile
enchantments, quite stealthy
A: unfitting armour, see invisible, blink, herbivore 3, speed 3, slow metabolism
2, weak 1, wild magic 1
a: Blink, Renounce Religion


You were in the Dungeon.
You worshipped Dithmenos.
Dithmenos was noncommittal.
You were not hungry.

You visited 1 branch You collected 16 gold pieces.

Inventory:

Hand Weapons
 a - a +1 dagger (weapon)
Armour
 b - a +1 robe (worn)
Scrolls
 j - a scroll of blinking
 l - 4 scrolls of remove curse
Potions
 e - 2 potions of curing
 f - 2 potions of heal wounds
 g - 2 potions of haste
 h - 2 potions of magic
 i - a potion of berserk rage
 k - a potion of ambrosia
 q - 2 potions of cure mutation
 r - a potion of flight
Books
 c - a book of Maledictions

   Spells                             Type                      Level
   a - Corona                         Hexes                        1
   b - Ensorcelled Hibernation        Hexes/Ice                    2
   c - Confuse                        Hexes                        3
   d - Tukima's Dance                 Hexes                        3
   e - Dazzling Spray                 Conjuration/Hexes            3
Comestibles
 d - a bread ration
 m - a royal jelly
 p - 2 fruits


   Skills:
 + Level 2.9 Fighting
 * Level 5.8 Short Blades
 + Level 2.5 Armour
 * Level 8.1 Dodging
 * Level 9.5 Stealth
 * Level 7.1 Spellcasting
 + Level 1.8 Conjurations
 + Level 5.7 Hexes
 + Level 2.3 Ice Magic
 + Level 0.0 Invocations


You had 7 spell levels left.
You knew the following spells:

 Your Spells              Type           Power        Failure   Level  Hunger
a - Corona                Hex            ####...      1%          1    None
b - Ensorcelled Hibernat  Hex/Ice        ####..       6%          2    None
c - Confuse               Hex            ####....     6%          3    ##.....
d - Tukima's Dance        Hex            ####....     6%          3    ##.....
e - Dazzling Spray        Conj/Hex       ###.....     14%         3    ##.....


Dungeon Overview and Level Annotations

Branches:
Dungeon (1/1)

Altars:
Dithmenos
Gozag
Makhleb
Nemelex Xobeh
Pakellas
Qazlal
Ru
Xom
Jiyva
Lugonu


Innate Abilities, Weirdness & Mutations

You are tiny and cannot use many weapons and most armour.
You have supernaturally acute eyesight.
You are a herbivore.
You cover ground extremely quickly.
You need consume almost no food.
You can translocate small distances at will.
You are weak. (Str -2)
Your spells are a little harder to cast, but a little more powerful.


Message History

The spatial vortex is severely damaged.
The spatial vortex closely misses you.
You completely miss the spatial vortex.
The spatial vortex is severely damaged.
You hit the spatial vortex.
The spatial vortex is severely damaged.
You hit the spatial vortex.
The spatial vortex is severely damaged.
You hit the spatial vortex.
The spatial vortex is severely damaged.
The spatial vortex completely misses you.
You barely miss the spatial vortex.
The spatial vortex is severely damaged.
The spatial vortex hits you!
There is a viscous altar of Jiyva, spattered with blood here.
You hit the spatial vortex.
The spatial vortex is severely damaged.
The spatial vortex hits you! Space warps horribly around you!
Ouch! That really hurt!
You die...

...#####..#
....#%.#..#
#..%#?.#..###+#+###+##
##..##+#..#..........#
##..###.%.'.⌠........#
#..####...#...######'#
#..###....#.⌠.#__#...#
[..##.....#...#__#...#
...#......#+###_@#...#
.##.#.....# #_v#...+
.#####....# #__'...#
▓▓ ▓▓▓▓▓▓ ▓▓▓▓▓▓▓▓


You could see a spatial vortex.

Vanquished Creatures
  A shadow (D)
  A water elemental (D)
  A scorpion (D)
  A jelly (D)
  Jessica (D)
  A human (D)
  3 rats (D)
9 creatures vanquished.

Vanquished Creatures (others)
  2 draconian scorchers (D)
  A yaktaur (D)
3 creatures vanquished.

Grand Total: 12 creatures vanquished

Notes
Turn   | Place    | Note
--------------------------------------------------------------
     0 | D        | Kidiri the Spriggan Enchanter began the quest for the Orb.
     0 | D        | Reached XP level 1. HP: 9/9 MP: 5/5
    51 | D        | Noticed Jessica
    57 | D        | Killed Jessica
    57 | D        | Reached skill level 1 in Fighting
    57 | D        | Reached skill level 1 in Armour
    57 | D        | Reached skill level 6 in Stealth
    57 | D        | Reached XP level 2. HP: 14/14 MP: 6/8
    61 | D        | Learned a level 2 spell: Ensorcelled Hibernation
   140 | D        | Noticed a scorpion
   143 | D        | Killed a scorpion
   143 | D        | Reached skill level 5 in Dodging
   143 | D        | Reached skill level 7 in Stealth
   143 | D        | Reached skill level 1 in Ice Magic
   143 | D        | Reached XP level 3. HP: 18/18 MP: 10/10
   143 | D        | Reached XP level 4. HP: 23/23 MP: 11/11
   152 | D        | Learned a level 3 spell: Confuse
   156 | D        | Learned a level 3 spell: Tukima's Dance
   160 | D        | Learned a level 3 spell: Dazzling Spray
   165 | D        | Reached skill level 5 in Spellcasting
   172 | D        | Killed a yaktaur
   184 | D        | Gained mutation: You are weak. (Str -2) [potion of mutation]
   184 | D        | Gained mutation: Your spells are a little harder to cast, but a little more powerful. [potion of mutation]
   184 | D        | Gained mutation: You can translocate small distances at will. [potion of mutation]
   221 | D        | Killed a white draconian scorcher
   227 | D        | Noticed a water elemental
   230 | D        | Killed a water elemental
   230 | D        | Reached skill level 8 in Stealth
   230 | D        | Reached skill level 5 in Hexes
   230 | D        | Reached XP level 5. HP: 26/26 MP: 14/14
   240 | D        | Noticed a shadow
   242 | D        | Killed a shadow
   242 | D        | Reached skill level 5 in Short Blades
   242 | D        | Reached skill level 9 in Stealth
   242 | D        | Reached skill level 1 in Conjurations
   242 | D        | Reached XP level 6. HP: 32/32 MP: 14/16
   246 | D        | Killed a white draconian scorcher
   251 | D        | Found an oddly glowing altar of Pakellas.
   251 | D        | Found a stormy altar of Qazlal.
   252 | D        | Found a sacrificial altar of Ru.
   252 | D        | Found a burning altar of Makhleb.
   252 | D        | Found a viscous altar of Jiyva.
   252 | D        | Found a shimmering altar of Xom.
   252 | D        | Found a shadowy altar of Dithmenos.
   252 | D        | Found a sparkling altar of Nemelex Xobeh.
   252 | D        | Found a corrupted altar of Lugonu.
   252 | D        | Found an opulent altar of Gozag.
   252 | D        | Noticed a spatial vortex
   256 | D        | Became a worshipper of Dithmenos the Shadowed
   271 | D        | Slain by a spatial vortex

Skill      XL: |  1  2  3  4  5  6 |
---------------+-------------------+-----
Spellcasting   | 4 5 6 7 |  7.1
Fighting       | 1 2 |  2.9
Short Blades   | 2 3 4 5 |  5.8
Armour         | 1 2 |  2.5
Dodging        | 4 5 6 7 8 |  8.1
Stealth        | 6 7 8 9 |  9.5
Hexes          | 4 5 |  5.7
Ice Magic      | 1 2 |  2.3
Conjurations   | 1 |  1.8

Action                   |  1- 3 |  4- 6 || total
-------------------------+-------+-------++-------
Melee: Dagger            |     9 |    11 ||    20
 Cast: Dazzling Spray    |       |     4 ||     4
  Use: Scroll            |       |     4 ||     4
       Potion            |       |     2 ||     2
 Stab: Sleeping          |     4 |     4 ||     8
Dodge: Dodged            |     3 |     3 ||     6
